[Event "Titled Tuesday Blitz February 22 Early 2022"]
[White "Bashirli, Saadat"]
[Black "Viskelis, Darius"]
[WhiteFideId "13429990"]
[BlackFideId "12800830"]
[WhiteElo "1173"]
[BlackElo "1999"]
[Result "1-0"]
[Round "06"]
[TimeControl "180+1"]
[Date "2022.02.22"]
[WhiteClock "0:00:12"]
[BlackClock "0:00:03"]

1. d4 d5 2. Bg5 Nf6 3. Nd2 Bf5 4. e3 e6 5. c4 Be7 6. c5 Nc6 7. Ngf3 Nb4 8. Qa4+ Nc6 9. Ne5 O-O 10. Nxc6 bxc6 11. Be2 Rb8 12. b4 h6 13. Bxf6 Bxf6 14. O-O e5 15. Nf3 e4 16. Nd2 g6 17. a3 Qd7 18. Rac1 h5 19. Qd1 h4 20. g3 Kg7 21. f3 hxg3 22. hxg3 Rh8 23. f4 Rh3 24. Kf2 Rbh8 25. Rg1 Qe7 26. Rg2 Bc8 27. Qc2 Bh4 28. Rcg1 Bf6 29. Nf1 Qe8 30. a4 Bd7 31. Qc3 Qb8 32. Nd2 Qe8 33. Bf1 Bg4 34. b5 cxb5 35. axb5 R8h5 36. Qb3 Bf3 37. Nxf3 exf3 38. Kxf3 Qe4+ 39. Kf2 Bxd4 40. exd4 Qxd4+ 41. Qe3 Qb2+ 42. Be2 Rh8 43. Qe5+ Qxe5 44. fxe5 Re8 45. Ra1 Rxe5 46. Rxa7 Re7 47. b6 d4 48. bxc7 Rh8 49. Bd3 Rc8 50. Kf3 Re3+ 51. Kf4 Rxd3 52. Rb2 1-0


[Site "https://www.chess.com"]

[Event "Titled Tuesday Blitz February 22 Early 2022"]
[White "Bazarov, Konstantin"]
[Black "Prohorov, Olexandr"]
[WhiteFideId "4137000"]
[BlackFideId "14105578"]
[WhiteElo "2079"]
[BlackElo "1993"]
[Result "1-0"]
[Round "06"]
[TimeControl "180+1"]
[Date "2022.02.22"]
[WhiteClock "0:01:58"]
[BlackClock "0:00:18"]

1. d4 g6 2. c4 Bg7 3. Nf3 c5 4. d5 f5 5. g3 Nf6 6. Bg2 d6 7. O-O O-O 8. Nc3 Na6 9. e4 fxe4 10. Ng5 Nc7 11. a4 b6 12. Ngxe4 Rb8 13. Bg5 a6 14. Nxf6+ Bxf6 15. Bxf6 Rxf6 16. Qe2 e5 17. dxe6 Rxe6 18. Qd3 Bb7 19. Nd5 Nxd5 20. Bxd5 Bxd5 21. Qxd5 Qf6 22. Rfe1 Kf7 23. Re4 Re8 24. Rf4 1-0


[Site "https://www.chess.com"]

[Event "Titled Tuesday Blitz February 22 Early 2022"]
[White "Begunov, Konstantin"]
[Black "Rodchenkov, Sergey D."]
[WhiteFideId "4118510"]
[BlackFideId "4168712"]
[WhiteElo "2262"]
[BlackElo "2306"]
[Result "1-0"]
[Round "06"]
[TimeControl "180+1"]
[Date "2022.02.22"]
[WhiteClock "0:00:20"]
[BlackClock "0:00:02"]

1. d4 Nf6 2. c4 e6 3. Nf3 b6 4. g3 Ba6 5. Qa4 Bb7 6. Bg2 Be7 7. Nc3 O-O 8. O-O d6 9. Rd1 Nbd7 10. Qc2 h6 11. e4 c5 12. e5 Ne8 13. exd6 Bxd6 14. dxc5 Nxc5 15. b4 Nd7 16. Ng5 hxg5 17. Bxb7 Rb8 18. Bc6 Ne5 19. Bxe8 Qxe8 20. Rxd6 Qe7 21. c5 bxc5 22. bxc5 Qf6 23. Be3 g4 24. Rc1 Nf3+ 25. Kg2 g6 26. Qe4 Qf5 27. Qxf5 gxf5 28. Ne2 Kg7 29. c6 Rh8 30. h4 Ne5 31. Bxa7 Rbc8 32. c7 Kf6 33. Bb6 Ke7 34. Rcd1 Rhe8 35. Rd8 f6 36. Nf4 Nc6 37. Bc5+ Kf7 38. Rxe8 1-0


[Site "https://www.chess.com"]

[Event "Titled Tuesday Blitz February 22 Early 2022"]
[White "Berezin, Viktor"]
[Black "Petrovic, Aleksa"]
[WhiteFideId "14107872"]
[BlackFideId "967629"]
[WhiteElo "2310"]
[BlackElo "2139"]
[Result "0-1"]
[Round "06"]
[TimeControl "180+1"]
[Date "2022.02.22"]
[WhiteClock "0:00:05"]
[BlackClock "0:00:06"]

1. d4 d6 2. Nf3 Bg4 3. h3 Bxf3 4. exf3 d5 5. c4 dxc4 6. Bxc4 e6 7. Nc3 c6 8. O-O Nf6 9. Bf4 Bd6 10. Qd2 Qc7 11. Bxd6 Qxd6 12. Ne4 Qe7 13. Nxf6+ Qxf6 14. Rfe1 O-O 15. Rad1 Nd7 16. Bd3 Nb6 17. Bb1 Rfd8 18. Qd3 g6 19. b3 Rd6 20. Qe3 Rad8 21. Rd2 Rxd4 22. Red1 Rxd2 23. Rxd2 Rxd2 24. Qxd2 Qa1 25. Qd3 Nd5 26. Kh2 Qe5+ 27. g3 Qe1 28. Kg2 h5 29. h4 Nc3 30. Qd8+ Kg7 31. Bxg6 Qe5 32. Bc2 Nd5 33. Be4 Nf6 34. Bd3 Qb2 35. Qc7 Qd2 36. Bc4 Nd5 37. Qe5+ Kf8 38. Bxd5 cxd5 39. Qb8+ Ke7 40. Qxa7 d4 41. Qxb7+ Kf6 42. Qe4 d3 43. Qd4+ Ke7 44. Qa7+ Kd6 45. Qd4+ Kc6 46. Qc4+ Kb6 47. Qd4+ Kb5 48. Qc4+ Kb6 49. Qd4+ Kc7 50. Qc4+ Kd7 51. Qd4+ Ke7 52. Qc5+ Kf6 53. Qd4+ Kg6 54. Qe4+ Kg7 55. Qe5+ f6 56. Qc7+ Kg6 57. Qd7 Qe2 58. Qe8+ Kg7 59. Qe7+ Kg6 60. Qe8+ Kh7 61. Qxh5+ Kg7 62. Qg4+ Kf7 63. Qh5+ Ke7 64. Qh7+ Kd6 65. Qh8 d2 66. Qd8+ Kc5 67. Qc7+ Kb4 68. Qd6+ Kc3 69. Qc5+ Kb2 70. Qd4+ Kc2 71. Qc5+ Kb1 0-1


[Site "https://www.chess.com"]

[Event "Titled Tuesday Blitz February 22 Early 2022"]
[White "Bernadskiy, Vitaliy"]
[Black "Paravyan, David"]
[WhiteFideId "14100371"]
[BlackFideId "4194985"]
[WhiteElo "2473"]
[BlackElo "2569"]
[Result "0-1"]
[Round "06"]
[TimeControl "180+1"]
[Date "2022.02.22"]
[WhiteClock "0:00:01"]
[BlackClock "0:00:20"]

1. Nc3 Nf6 2. g4 Nxg4 3. e4 d6 4. d4 e5 5. Nf3 exd4 6. Nxd4 Nc6 7. Bb5 Bd7 8. Nxc6 bxc6 9. Bxc6 Bxc6 10. Qxg4 Qd7 11. Qg3 g6 12. Bf4 Bg7 13. O-O-O O-O 14. Rhe1 Qe6 15. Kb1 Rab8 16. Bc1 Qc4 17. Rd3 Rfe8 18. b3 Bxe4 19. Nxe4 Rxe4 20. Ree3 Qc6 21. Rxe4 Qxe4 22. Qe3 Qe5 23. Qxe5 Bxe5 24. h3 f5 25. Be3 a6 26. Rd5 f4 27. Bc1 Kf7 28. Ra5 Ra8 29. c4 Ke6 30. Kc2 g5 31. Kd3 Kf5 32. f3 h5 33. Bb2 Re8 34. Bd4 g4 35. hxg4+ hxg4 36. fxg4+ Kxg4 37. Rxa6 Bxd4 38. Kxd4 f3 39. Ra5 f2 0-1


[Site "https://www.chess.com"]

[Event "Titled Tuesday Blitz February 22 Early 2022"]
[White "Blohberger, Felix"]
[Black "Martins, Bruno Andre Leite"]
[WhiteFideId "1632051"]
[BlackFideId "1942255"]
[WhiteElo "2474"]
[BlackElo "2137"]
[Result "1-0"]
[Round "06"]
[TimeControl "180+1"]
[Date "2022.02.22"]
[WhiteClock "0:01:45"]
[BlackClock "0:01:01"]

1. d4 Nf6 2. c4 e6 3. Nc3 d5 4. cxd5 Nxd5 5. e4 Nxc3 6. bxc3 c5 7. Nf3 cxd4 8. cxd4 Bb4+ 9. Bd2 Bxd2+ 10. Qxd2 O-O 11. Bc4 b6 12. O-O Bb7 13. Rfe1 Nd7 14. Rad1 Nf6 15. d5 exd5 16. exd5 Qd6 17. Nd4 Rfe8 18. Nf5 Rxe1+ 19. Rxe1 Qc5 20. Qg5 Qf8 21. d6 Kh8 22. Re7 Bd5 23. Bxd5 Nxd5 24. Rb7 Rd8 25. Rxf7 1-0


[Site "https://www.chess.com"]

[Event "Titled Tuesday Blitz February 22 Early 2022"]
[White "Bluebaum, Matthias"]
[Black "Gabdrakhmanov, Azat"]
[WhiteFideId "24651516"]
[BlackFideId "34189197"]
[WhiteElo "2550"]
[BlackElo "2279"]
[Result "1-0"]
[Round "06"]
[TimeControl "180+1"]
[Date "2022.02.22"]
[WhiteClock "0:01:41"]
[BlackClock "0:01:19"]

1. b3 Nf6 2. Bb2 e6 3. Nf3 Be7 4. c4 O-O 5. Nc3 b6 6. Qc2 Bb7 7. g4 d5 8. g5 Ne4 9. Nxe4 dxe4 10. Qc3 f6 11. Nd4 Qd7 12. Bh3 Kh8 13. Nxe6 e3 14. Rg1 exf2+ 15. Kxf2 Rf7 16. g6 hxg6 17. Rxg6 Qd6 18. Qg3 Qxg3+ 19. hxg3 Bd6 20. Bg2 Bxg2 21. Kxg2 Nc6 22. Rh1+ Kg8 23. Bxf6 Re8 24. Bxg7 Rxe6 25. Rh8# 1-0


[Site "https://www.chess.com"]

[Event "Titled Tuesday Blitz February 22 Early 2022"]
[White "Brodowski, Piotr"]
[Black "Ljukin, Sergei"]
[WhiteFideId "1124480"]
[BlackFideId "14102200"]
[WhiteElo "2422"]
[BlackElo "2312"]
[Result "0-1"]
[Round "06"]
[TimeControl "180+1"]
[Date "2022.02.22"]
[WhiteClock "0:00:03"]
[BlackClock "0:01:37"]

1. e4 e6 2. d4 d5 3. Nd2 Nf6 4. e5 Nfd7 5. f4 c5 6. c3 Nc6 7. Ndf3 Qb6 8. a3 cxd4 9. cxd4 Na5 10. Bd3 Nb3 11. Rb1 Nxd4 12. Nxd4 Qxd4 13. Nf3 Qb6 14. b4 a5 15. Bd2 axb4 16. axb4 Ra3 17. Qe2 Be7 18. g4 O-O 19. f5 f6 20. Be3 Bxb4+ 21. Kf1 Qa5 22. exf6 Nxf6 23. h3 exf5 24. gxf5 Ne4 25. Rg1 Bxf5 26. Bd4 Bxh3+ 27. Rg2 Ng3+ 28. Kf2 Bxg2 29. Qe6+ Kh8 30. Kxg2 Rxd3 31. Bxg7+ Kxg7 32. Qe5+ Rf6 0-1


[Site "https://www.chess.com"]

[Event "Titled Tuesday Blitz February 22 Early 2022"]
[White "Brunner, Nicolas"]
[Black "Kostiukov, Alexandr"]
[WhiteFideId "620246"]
[BlackFideId "14108100"]
[WhiteElo "2372"]
[BlackElo "2202"]
[Result "1-0"]
[Round "06"]
[TimeControl "180+1"]
[Date "2022.02.22"]
[WhiteClock "0:00:09"]
[BlackClock "0:00:07"]

1. d4 g6 2. e4 Bg7 3. c4 d6 4. Nc3 e5 5. d5 f5 6. f4 exf4 7. Bxf4 fxe4 8. Nxe4 Qe7 9. Qe2 Bf5 10. Nc3 Bxc3+ 11. bxc3 Qxe2+ 12. Nxe2 Nf6 13. Nd4 Bc8 14. O-O-O O-O 15. Bh6 Re8 16. Bd3 Ng4 17. Rde1 Ne5 18. Kd2 Na6 19. Nb3 b6 20. Rhf1 Nc5 21. Nxc5 bxc5 22. Bf4 Rb8 23. Bxe5 dxe5 24. Kc2 Rb6 25. Rf2 Bg4 26. h3 Reb8 27. Kc1 Bf5 28. Bxf5 gxf5 29. Rxe5 Rb1+ 30. Kd2 R8b2+ 31. Ke3 Re1+ 32. Kd3 Rd1+ 33. Ke3 f4+ 34. Kf3 Rd3+ 35. Ke4 1-0


[Site "https://www.chess.com"]

[Event "Titled Tuesday Blitz February 22 Early 2022"]
[White "Budrewicz, Krzysztof"]
[Black "Srebrnic, Marko"]
[WhiteFideId "1127950"]
[BlackFideId "14603616"]
[WhiteElo "2248"]
[BlackElo "2340"]
[Result "1-0"]
[Round "06"]
[TimeControl "180+1"]
[Date "2022.02.22"]
[WhiteClock "0:00:13"]
[BlackClock "0:00:03"]

1. d4 Nf6 2. c4 g6 3. Nc3 Bg7 4. e4 d6 5. Be2 O-O 6. Bg5 c6 7. Qd2 Nbd7 8. h4 Qa5 9. h5 e5 10. d5 cxd5 11. cxd5 Nc5 12. hxg6 fxg6 13. O-O-O Bd7 14. Kb1 b5 15. Bxf6 Rxf6 16. Bf3 b4 17. Nce2 Bb5 18. Nc1 Rf4 19. Nge2 Rff8 20. Ng3 Qb6 21. Qe3 Rf4 22. Be2 Ba4 23. b3 Bd7 24. f3 Bf6 25. Nd3 Nxd3 26. Qxb6 axb6 27. Bxd3 Bg5 28. Ne2 Rff8 29. Rhf1 Ra7 30. g3 Be3 31. f4 Rfa8 32. a4 bxa3 33. Ka2 Rc8 34. fxe5 dxe5 35. Rf6 Bg4 36. Rc6 Rf8 37. Rc2 h5 38. Bc4 Kg7 39. Nc3 Bd4 40. Rdd2 Bxc3 41. Rxc3 Rf3 42. Rcc2 Rxg3 43. d6 Bd7 44. Bd5 Kf6 45. Rc7 Rxc7 46. dxc7 Rc3 47. Bc4 Bg4 48. Rd6+ Kg5 49. Kxa3 b5 50. Kb2 b4 51. Rb6 h4 52. Rxb4 Re3 53. Ra4 h3 54. Ra1 h2 55. Rh1 Rh3 56. Bf1 Rh4 57. Bg2 Kf4 58. Kc3 Kg3 59. Bf1 Rh8 60. Ba6 1-0


[Site "https://www.chess.com"]

[Event "Titled Tuesday Blitz February 22 Early 2022"]
[White "Caputcuoglu, Zeki Berke"]
[Black "Guliev, Logman"]
[WhiteFideId "34548610"]
[BlackFideId "13400061"]
[WhiteElo "1368"]
[BlackElo "2128"]
[Result "0-1"]
[Round "06"]
[TimeControl "180+1"]
[Date "2022.02.22"]
[WhiteClock "0:00:10"]
[BlackClock "0:00:46"]

1. e4 e5 2. Nf3 Nc6 3. Bb5 a6 4. Ba4 Nf6 5. O-O Be7 6. Re1 b5 7. Bb3 O-O 8. a4 b4 9. d4 d6 10. dxe5 Nxe5 11. Nxe5 dxe5 12. Qe2 Bc5 13. h3 h6 14. Nd2 Bb7 15. Bc4 Qd4 16. Bd3 a5 17. Nc4 Qd8 18. Be3 Qe7 19. Bxc5 Qxc5 20. Qe3 Qe7 21. Rad1 Rfd8 22. f3 Nh5 23. Bf1 Nf4 24. Rxd8+ Qxd8 25. Kh2 Qf6 26. Rd1 Bc6 27. Qc5 Bxa4 28. b3 Ne6 29. Qd5 Rd8 30. Qxd8+ Nxd8 31. bxa4 Nc6 32. Rd5 Qf4+ 33. Kg1 Qc1 34. Nxa5 Nxa5 35. Rxa5 Qxc2 36. Rb5 b3 37. a5 b2 38. a6 b1=Q 0-1


[Site "https://www.chess.com"]

[Event "Titled Tuesday Blitz February 22 Early 2022"]
[White "Carlsson, Ludvig"]
[Black "Fedoseev, Vladimir"]
[WhiteFideId "1727010"]
[BlackFideId "24130737"]
[WhiteElo "2178"]
[BlackElo "2726"]
[Result "0-1"]
[Round "06"]
[TimeControl "180+1"]
[Date "2022.02.22"]
[WhiteClock "0:00:02"]
[BlackClock "0:00:13"]

1. d4 Nf6 2. c4 g6 3. Nc3 Bg7 4. e4 d6 5. Be2 O-O 6. Nf3 e5 7. dxe5 dxe5 8. Qxd8 Rxd8 9. Bg5 Nbd7 10. O-O-O Rf8 11. Nd5 Nxe4 12. Ne7+ Kh8 13. Nxc8 Ndc5 14. Ne7 Nxg5 15. Nxg5 Bf6 16. Nxh7 Kxh7 17. Nd5 Bg5+ 18. Kc2 Ne6 19. Rhe1 c6 20. Nc3 Nd4+ 21. Kb1 f5 22. Bf1 Bf6 23. Ne2 c5 24. Nc3 e4 25. Nd5 Rad8 26. Nc3 Rf7 27. a3 Rfd7 28. Ka2 Kg7 29. Rd2 Bg5 30. Rdd1 b6 31. Nd5 b5 32. b3 a5 33. Nc3 b4 34. Na4 Nc2 35. Rxd7+ Rxd7 36. Nxc5 Rd2 37. Re2 Rd1 38. Ne6+ Kf6 39. Nxg5 Nxa3 40. Nh7+ Ke5 41. Nf8 Rxf1 42. Nxg6+ Kd4 43. Nf4 Nb1 44. Kb2 Nc3 45. Rd2+ Ke5 46. Nd5 Nd1+ 47. Kc2 Nxf2 48. Ne3 Re1 49. Nxf5 Nd3 50. Rxd3 exd3+ 51. Kd2 Rb1 52. Ne3 Rxb3 53. h4 a4 54. h5 a3 55. h6 Kf6 56. Nf5 Kg6 0-1


[Site "https://www.chess.com"]

[Event "Titled Tuesday Blitz February 22 Early 2022"]
[White "Chernomordik, Pavel"]
[Black "Osiecki, Stanislaw"]
[WhiteFideId "2804530"]
[BlackFideId "1102990"]
[WhiteElo "2249"]
[BlackElo "2127"]
[Result "1-0"]
[Round "06"]
[TimeControl "180+1"]
[Date "2022.02.22"]
[WhiteClock "0:00:51"]
[BlackClock "0:00:06"]

1. e4 e6 2. Nc3 d5 3. d4 Bb4 4. Ne2 Be7 5. Nf4 dxe4 6. Nxe4 Nf6 7. Bd3 Nxe4 8. Bxe4 Nd7 9. O-O Nf6 10. Bf3 Bd6 11. Re1 O-O 12. c4 c6 13. Nd3 Qc7 14. h3 b6 15. Bg5 Be7 16. Ne5 Bb7 17. Qe2 h6 18. Bh4 Rad8 19. Rad1 c5 20. dxc5 bxc5 21. Bg3 Qb6 22. Nd3 Bxf3 23. Qxf3 Rd4 24. b3 Rfd8 25. Be5 R4d7 26. Bc3 a5 27. Ne5 Rxd1 28. Rxd1 Rxd1+ 29. Qxd1 Ne4 30. Ba1 Qd6 31. Qf3 Ng5 32. Qd3 Qxd3 33. Nxd3 Ne4 34. f3 Nd2 35. Bc3 Nb1 36. Bxa5 Bf6 37. Kf1 Bc3 38. Bb6 1-0


[Site "https://www.chess.com"]

[Event "Titled Tuesday Blitz February 22 Early 2022"]
[White "Clawitter, Craig"]
[Black "Vifleemskaia, Svetlana"]
[WhiteFideId "2023105"]
[BlackFideId "4129490"]
[WhiteElo "2226"]
[BlackElo "1901"]
[Result "0-1"]
[Round "06"]
[TimeControl "180+1"]
[Date "2022.02.22"]
[WhiteClock "0:00:04"]
[BlackClock "0:00:22"]

1. e4 e5 2. Nf3 Nc6 3. Bb5 a6 4. Ba4 Nf6 5. O-O Be7 6. d3 b5 7. Bb3 d6 8. a4 Bb7 9. Nc3 b4 10. Nd5 Na5 11. Ba2 c5 12. Bd2 O-O 13. Nxe7+ Qxe7 14. h3 d5 15. exd5 Bxd5 16. Re1 Nc6 17. Nxe5 Nxe5 18. f4 Bxa2 19. Rxa2 Nfd7 20. fxe5 Nxe5 21. Qe2 Rfe8 22. Raa1 Qd7 23. Qf2 Qd5 24. Re4 Nd7 25. Rae1 Rxe4 26. Rxe4 Nf8 27. Rc4 Ne6 28. Be3 Rc8 29. a5 h6 30. b3 Rc7 31. d4 cxd4 32. Rxc7 Nxc7 33. Bxd4 Ne6 34. Bb6 Qd1+ 35. Kh2 Qd6+ 36. Kg1 Qd1+ 37. Kh2 Qd6+ 38. Kg1 Qe5 39. g3 h5 40. Kh2 Ng5 41. Be3 Ne4 42. Qf4 Qd5 43. Kg2 f6 44. Qf3 Kf7 45. Kf1 Nd2+ 46. Bxd2 Qxf3+ 0-1


[Site "https://www.chess.com"]

[Event "Titled Tuesday Blitz February 22 Early 2022"]
[White "Colas, Joshua"]
[Black "Zavgorodniy, Sergiy"]
[WhiteFideId "2044447"]
[BlackFideId "14110148"]
[WhiteElo "2347"]
[BlackElo "2420"]
[Result "0-1"]
[Round "06"]
[TimeControl "180+1"]
[Date "2022.02.22"]
[WhiteClock "0:00:17"]
[BlackClock "0:00:06"]

1. d4 Nf6 2. c4 e6 3. Nc3 Bb4 4. Qc2 Nc6 5. Nf3 d6 6. Bg5 h6 7. Bxf6 Qxf6 8. e3 e5 9. O-O-O Bxc3 10. Qxc3 O-O 11. d5 Nb8 12. Bd3 Bg4 13. Be4 Nd7 14. h3 Bxf3 15. Bxf3 a5 16. Rdf1 Nc5 17. Bd1 Qe7 18. Bc2 a4 19. g4 b5 20. cxb5 Rfb8 21. f4 Rxb5 22. fxe5 Qxe5 23. Qxe5 dxe5 24. Rf2 Rab8 25. Rhf1 f6 26. Bf5 e4 27. Kb1 Nd3 28. Bxe4 Nxf2 29. Rxf2 a3 30. b3 Re8 31. Bd3 Rc5 32. e4 Kf8 33. Rc2 Rxc2 34. Kxc2 Rb8 35. Kc3 Ke7 36. b4 Kd6 37. Kb3 Ra8 38. Bb5 Ke5 39. Bc6 Ra6 40. b5 Ra7 41. Kb4 g5 42. Kc5 Ra4 43. b6 cxb6+ 44. Kxb6 Rd4 45. Kc7 Rd2 46. Ba4 Rd4 47. Bb3 Rd3 48. Kc6 Rc3+ 49. Kd7 Rxb3 50. axb3 a2 51. d6 a1=Q 52. Ke7 Qd4 53. d7 Qd6+ 54. Ke8 Qe6+ 55. Kd8 Kd6 56. Kc8 Qxd7+ 57. Kb8 Qc7+ 58. Ka8 Kc6 0-1


[Site "https://www.chess.com"]

[Event "Titled Tuesday Blitz February 22 Early 2022"]
[White "Cramling Bellon, Anna"]
[Black "Jiang, Brian"]
[WhiteFideId "32009232"]
[BlackFideId "2627922"]
[WhiteElo "1905"]
[BlackElo "2408"]
[Result "1-0"]
[Round "06"]
[TimeControl "180+1"]
[Date "2022.02.22"]
[WhiteClock "0:00:40"]
[BlackClock "0:00:51"]

1. d4 Nf6 2. c4 b6 3. Nc3 Bb7 4. Qc2 d5 5. cxd5 Nxd5 6. e4 Nxc3 7. bxc3 e6 8. Nf3 Nd7 9. Be3 Be7 10. Bd3 c5 11. O-O Rc8 12. d5 exd5 13. exd5 Bxd5 14. Rad1 Be6 15. Bb5 Qc7 16. Qa4 Rd8 17. Bf4 Qc8 18. Ne5 Bf6 19. Nxd7 Bxd7 20. Rfe1+ Be7 21. Bd6 O-O 22. Bxe7 Bxb5 23. Qxb5 Rxd1 24. Rxd1 Re8 25. Qxe8+ Qxe8 26. Rd8 1-0


[Site "https://www.chess.com"]

[Event "Titled Tuesday Blitz February 22 Early 2022"]
[White "Dahanayake, Isara Banidu"]
[Black "Shton, Roman"]
[WhiteFideId "9932631"]
[BlackFideId "14137461"]
[WhiteElo "1394"]
[BlackElo "2038"]
[Result "0-1"]
[Round "06"]
[TimeControl "180+1"]
[Date "2022.02.22"]
[WhiteClock "0:01:21"]
[BlackClock "0:02:34"]

1. e4 Nf6 2. e5 Nd5 3. d4 d6 4. Nf3 g6 5. exd6 cxd6 6. c4 Nb6 7. h3 Bg7 8. Nc3 Nc6 9. Be3 O-O 10. Be2 d5 11. c5 Nc4 12. Bxc4 dxc4 13. d5 Nb4 14. O-O Bxc3 15. bxc3 Nxd5 16. Bh6 Re8 17. Qd4 f6 18. Qxc4 Be6 19. Qh4 Nxc3 20. Nd4 Qxd4 21. Qxd4 Ne2+ 22. Kh2 Nxd4 23. Rad1 Nf5 24. Bf4 Bxa2 25. Rd7 e5 26. Bc1 Re7 27. Rd3 Bc4 0-1


[Site "https://www.chess.com"]

[Event "Titled Tuesday Blitz February 22 Early 2022"]
[White "De Souza, Cristiano Gomes"]
[Black "Zlatin, Alexander"]
[WhiteFideId "2151758"]
[BlackFideId "2810549"]
[WhiteElo "2068"]
[BlackElo "2228"]
[Result "0-1"]
[Round "06"]
[TimeControl "180+1"]
[Date "2022.02.22"]
[WhiteClock "0:01:33"]
[BlackClock "0:01:35"]

1. d4 d5 2. c4 e6 3. Nf3 c5 4. cxd5 exd5 5. Nc3 Nc6 6. g3 Nf6 7. Bg2 Be7 8. O-O c4 9. Bg5 O-O 10. Ne5 Be6 11. f4 h6 12. Bxf6 Bxf6 13. f5 Bc8 14. Nxd5 Nxe5 15. Nxf6+ Qxf6 16. dxe5 Qxe5 17. Rc1 Qc5+ 18. Kh1 Bxf5 19. Rf4 Be6 20. Rd4 Qb6 21. Rc2 Rfd8 22. Rxd8+ Rxd8 23. Qg1 Qxg1+ 24. Kxg1 Rd1+ 25. Kf2 b5 26. Bc6 a6 27. a4 b4 28. a5 b3 29. Rc3 Rd2 30. Bb7 Rxb2 31. Bxa6 Rc2 0-1


[Site "https://www.chess.com"]

[Event "Titled Tuesday Blitz February 22 Early 2022"]
[White "De Souza Sa, Apolo"]
[Black "Pesotskiy, Mikhail"]
[WhiteFideId "324225390"]
[BlackFideId "34164453"]
[WhiteElo "1828"]
[BlackElo "2010"]
[Result "1-0"]
[Round "06"]
[TimeControl "180+1"]
[Date "2022.02.22"]
[WhiteClock "0:00:19"]
[BlackClock "0:00:10"]

1. d4 Nf6 2. c4 e6 3. g3 Bb4+ 4. Nd2 c5 5. dxc5 Bxc5 6. Bg2 O-O 7. Ngf3 d5 8. cxd5 exd5 9. Nb3 Bb6 10. Nbd4 Nc6 11. O-O Re8 12. Bg5 h6 13. Bxf6 Qxf6 14. e3 Bg4 15. Qb3 Rad8 16. Nxc6 bxc6 17. Qc3 Qxc3 18. bxc3 Bf5 19. Rfd1 Be4 20. Nd4 Bxg2 21. Kxg2 c5 22. Nf3 Re4 23. Rac1 Ba5 24. c4 Rxc4 25. Rxc4 dxc4 26. Rxd8+ Bxd8 27. Kf1 Bf6 28. Ke2 Kf8 29. Nd2 Ke7 30. Nxc4 Kd7 31. Kd3 Kc6 32. a4 a6 33. f4 g6 34. e4 Bd4 35. Ne5+ Bxe5 36. fxe5 Kb6 37. Kc4 Ka5 38. Kxc5 Kxa4 39. Kd6 Kb4 40. Ke7 a5 41. Kxf7 a4 42. e6 a3 43. e7 a2 44. e8=Q a1=Q 45. Qe7+ Kc4 46. Qe6+ Kd3 47. Kxg6 Qh1 48. Qd5+ Ke3 49. Qb3+ Kd4 50. Qb2+ Ke3 51. Qc3+ Ke2 52. Qc2+ Ke3 53. Kxh6 Qf3 54. Qc1+ Kd4 55. Qd2+ Ke5 56. Qf4+ Qxf4+ 57. gxf4+ Kxf4 58. Kg6 Kg4 59. e5 1-0


[Site "https://www.chess.com"]

[Event "Titled Tuesday Blitz February 22 Early 2022"]
[White "Devaev, Alexander"]
[Black "Singh, Arvinder Preet"]
[WhiteFideId "4169395"]
[BlackFideId "5013240"]
[WhiteElo "2185"]
[BlackElo "2147"]
[Result "1-0"]
[Round "06"]
[TimeControl "180+1"]
[Date "2022.02.22"]
[WhiteClock "0:01:05"]
[BlackClock "0:00:01"]

1. d4 f5 2. g3 Nf6 3. Bg2 g6 4. b3 Bg7 5. Bb2 O-O 6. Nd2 d6 7. c4 c6 8. Qc2 Qc7 9. Nh3 e5 10. c5 e4 11. cxd6 Qxd6 12. e3 Na6 13. a3 Be6 14. O-O Nc7 15. Ng5 Bd5 16. a4 Rfe8 17. Ba3 Qd7 18. Nc4 Ng4 19. Nd6 Reb8 20. Rfc1 Bf8 21. Nc4 Bxa3 22. Rxa3 h6 23. Nh3 g5 24. Raa1 Rf8 25. b4 Na6 26. Rab1 Qf7 27. b5 cxb5 28. axb5 Nc7 29. Nd6 Qe6 30. Qxc7 Rac8 31. Nxc8 Rxc8 32. Qxc8+ Qxc8 33. Rxc8+ Kf7 34. Rc7+ Ke6 35. b6 1-0


[Site "https://www.chess.com"]

[Event "Titled Tuesday Blitz February 22 Early 2022"]
[White "Dew, Brian"]
[Black "Steenbekkers, Franck"]
[WhiteFideId "6000495"]
[BlackFideId "1004220"]
[WhiteElo "2118"]
[BlackElo "2138"]
[Result "0-1"]
[Round "06"]
[TimeControl "180+1"]
[Date "2022.02.22"]
[WhiteClock "0:00:02"]
[BlackClock "0:01:18"]

1. b3 f5 2. Bb2 e6 3. Nf3 Nf6 4. g3 d5 5. Bg2 Bd6 6. O-O O-O 7. d3 c5 8. Nbd2 Nc6 9. Re1 e5 10. e4 dxe4 11. dxe4 f4 12. Nc4 Nd4 13. Nxd4 cxd4 14. c3 Ng4 15. Nxd6 Qxd6 16. cxd4 Qh6 17. h3 fxg3 18. fxg3 Nf2 19. Qc1 Nxh3+ 20. Bxh3 Qxh3 21. Qe3 Bg4 22. Rf1 exd4 23. Bxd4 Rad8 24. Rxf8+ Rxf8 25. Be5 Rf3 26. Qg5 Rxg3+ 27. Bxg3 Qxg3+ 28. Kf1 Bh3+ 0-1


[Site "https://www.chess.com"]

[Event "Titled Tuesday Blitz February 22 Early 2022"]
[White "Dilmukhametov, Artur"]
[Black "Dejmek, Mark"]
[WhiteFideId "24179922"]
[BlackFideId "2017628"]
[WhiteElo "2266"]
[BlackElo "2194"]
[Result "1-0"]
[Round "06"]
[TimeControl "180+1"]
[Date "2022.02.22"]
[WhiteClock "0:01:08"]
[BlackClock "0:00:03"]

1. e4 e5 2. f4 exf4 3. Nf3 Be7 4. Bc4 Nf6 5. e5 Nh5 6. O-O O-O 7. d4 d5 8. exd6 Bxd6 9. Nc3 Bg4 10. Ne4 Be7 11. d5 Nd7 12. h3 Bf5 13. Bd3 Bxe4 14. Bxe4 Ng3 15. Re1 Bc5+ 16. Kh2 Bf2 17. Bxf4 Bxe1 18. Bxg3 Bxg3+ 19. Kxg3 Nf6 20. Bd3 Qxd5 21. Kh2 Qd6+ 22. Kh1 Rad8 23. Qe1 Rfe8 24. Qh4 h6 25. Rf1 c6 26. Nd2 Qd4 27. Qg3 Qe3 28. Nf3 Rxd3 29. cxd3 Qxd3 30. Rg1 Qc2 31. Qc7 Ne4 32. Ne5 Ng3+ 33. Kh2 Rxe5 34. Qxe5 Ne4 35. Re1 Nf2 36. Re2 Nd3 37. Qe8+ 1-0


[Site "https://www.chess.com"]

[Event "Titled Tuesday Blitz February 22 Early 2022"]
[White "Djokic, Mihailo"]
[Black "Yuan, Qingyu"]
[WhiteFideId "976440"]
[BlackFideId "8609772"]
[WhiteElo "2008"]
[BlackElo "2359"]
[Result "0-1"]
[Round "06"]
[TimeControl "180+1"]
[Date "2022.02.22"]
[WhiteClock "0:00:03"]
[BlackClock "0:00:08"]

1. e4 c6 2. d4 d5 3. e5 c5 4. dxc5 e6 5. Nf3 Bxc5 6. Bd3 f6 7. O-O Nc6 8. Bf4 g5 9. Bg3 g4 10. Nh4 f5 11. h3 Qg5 12. hxg4 Nge7 13. Nd2 f4 14. Ndf3 Qxg4 15. Bh2 Rg8 16. Kh1 Bd7 17. g3 fxg3 18. fxg3 O-O-O 19. c3 d4 20. b4 Bb6 21. b5 dxc3 22. bxc6 Bxc6 23. Qc2 Qh3 24. Be4 Rxg3 25. Bxc6 Nxc6 26. Rad1 Rf8 27. Qxh7 Kb8 28. Qd7 a6 29. Qd6+ Ka7 30. Qxf8 c2 31. Rc1 Nd4 32. Nxd4 Bxd4 33. Qd6 Qxh4 34. Rfe1 Bb6 35. Qd2 Qh5 36. Rxc2 Qf3+ 37. Qg2 Rxg2 38. Rxg2 Qc3 39. Rge2 Ba5 40. Kg2 Qxe1 41. Rxe1 Bxe1 42. Kf3 Kb6 43. Kg4 Kc5 44. Kg5 Bc3 45. Kf6 Kd5 46. Bg3 b5 47. Bh2 a5 48. Bg3 a4 49. Be1 Bxe1 0-1


[Site "https://www.chess.com"]

[Event "Titled Tuesday Blitz February 22 Early 2022"]
[White "Wagner, Dinara"]
[Black "Mikhailovsky, Vladimir"]
[WhiteFideId "24157570"]
[BlackFideId "34105414"]
[WhiteElo "2216"]
[BlackElo "2371"]
[Result "0-1"]
[Round "06"]
[TimeControl "180+1"]
[Date "2022.02.22"]
[WhiteClock "0:00:35"]
[BlackClock "0:00:19"]

1. d4 d6 2. c4 e5 3. d5 f5 4. e4 fxe4 5. Nc3 Nf6 6. Bg5 Be7 7. Bxf6 Bxf6 8. Nxe4 O-O 9. Bd3 Bf5 10. Qc2 Nd7 11. Nf3 g6 12. Nfd2 Bg7 13. h3 a5 14. O-O-O a4 15. Kb1 a3 16. b3 b6 17. g4 Bxe4 18. Nxe4 Rf4 19. h4 Nc5 20. h5 Nxe4 21. Bxe4 Qg5 22. f3 Raf8 23. Rh3 R8f6 24. hxg6 hxg6 25. Rdh1 Kf7 26. Rh7 Kf8 27. Re1 Rxf3 28. Bxf3 Rxf3 29. Qe2 Qxg4 30. Rh4 Qf5+ 31. Qe4 Qf6 32. Rhh1 Rf4 33. Rhf1 Rxf1 0-1


[Site "https://www.chess.com"]